 Dungeon Crawl Stone Soup version 0.26.1-2-gb8aa6d0cf2 (webtiles) character file.

Game seed: 14846557246390535111

25 Descartes the Vexing (level 2, 0/16 HPs)
             Began as a Deep Elf Arcane Marksman on Feb 12, 2021.
             Slain by an ogre
             ... wielding a +0 giant spiked club
              (16 damage)
             ... on level 4 of the Dungeon.
             The game lasted 00:03:03 (1062 turns).

Descartes the Vexing (Deep Elf Arcane Marksman)     Turns: 1062, Time: 00:03:03

Health: 0/16       AC:  4    Str:  7    XL:     2   Next: 86%
Magic:  7/7        EV: 13    Int: 17    God:
Gold:   49         SH:  0    Dex: 15    Spells: 4/5 levels left

rFire    . . .     SeeInvis .   a - +0 dagger
rCold    . . .     Faith    .   (no shield)
rNeg     . . .     Spirit   .   e - +0 robe
rPois    .         Reflect  .   c - +1 hat
rElec    .         Harm     .   (no cloak)
rCorr    .         Rampage  .   (no gloves)
Will     .....                  p - +0 pair of boots
Stlth    ++........             (no amulet)
HPRegen  0.05/turn              f - ring of flight
MPRegen  0.10/turn              (no ring)

@: no status effects
A: no striking features
a: Evoke Flight


You were on level 4 of the Dungeon.
You visited 1 branch of the dungeon, and saw 3 of its levels.

You collected 49 gold pieces.

Inventory:

Hand Weapons
 a - a +0 dagger (weapon)
 b - a +0 shortbow
Missiles
 d - 9 arrows
 l - 2 stones
Armour
 c - a +1 hat (worn)
 e - a +0 robe (worn)
 p - a +0 pair of boots (worn)
Jewellery
 f - a ring of flight (left hand)
Scrolls
 h - a scroll of fear {unknown}
 i - 3 scrolls of magic mapping {unknown}
 j - a scroll of identify {unknown}
 m - a scroll of blinking {unknown}
Potions
 g - 2 potions of haste {unknown}
 k - a potion of ambrosia {unknown}
 n - a potion of lignification {unknown}
 o - a potion of berserk rage {unknown}


   Skills:
 + Level 1.1 Fighting
 + Level 3.2 Bows
 + Level 2.7 Dodging
 + Level 1.2 Stealth
 + Level 2.1 Spellcasting
 + Level 4.2 Hexes


You had 4 spell levels left.
You knew the following spells:

 Your Spells              Type           Power        Failure   Level
a - Corona                Hex            17%          3%          1

Your spell library contained the following spells:

 Spells                   Type           Power        Failure   Level
 Slow                     Hex            16%          4%          2
 Inner Flame              Hex/Fire       8%           24%         3
 Portal Projectile        Hex/Tloc       16%          24%         3
 Cause Fear               Hex            8%           32%         4
 Leda's Liquefaction      Hex/Erth       4%           63%         4


Dungeon Overview and Level Annotations

Branches:
Dungeon (2/15)

Altars:
Qazlal


Message History

No target in view!
d - 12 arrows (gained 1)
You open the gate.
There is an open gate here.
An ogre comes into view. It is wielding a +0 giant spiked club.
You shoot an arrow. The arrow hits the ogre.
The ogre is lightly wounded.
You shoot an arrow. The arrow hits the ogre.
The ogre is lightly wounded.
You shoot an arrow. The arrow hits the ogre.
The ogre is moderately wounded.
a - a +0 dagger (weapon)
You closely miss the ogre.
The ogre is moderately wounded.
The ogre barely misses you.
You hit the ogre.
The ogre is moderately wounded.
The ogre hits you with a +0 giant spiked club!
Ouch! That really hurt!
You die...

#.§....## ##......#
#§......## ##......≈#
##.......###.......##
##...............##
##.............##
##...........## .
##.........##
....#####≈.....≈##
....((O@###'''###
...(####........# .
#........+ #.....##.#
.......# .#
.......... #
.............
##.......≈≈≈≈≈
#.....≈≈≈≈≈≈≈


You could see an ogre.

Vanquished Creatures
  3 dart slugs (D:1)
  A leopard gecko (D:1)
  2 bats (D:1)
  A giant cockroach (D:1)
  A goblin (D:1)
  A hobgoblin (D:1)
  4 kobolds (D:1)
  A frilled lizard (D:4)
  3 rats (D:1)
17 creatures vanquished.

Notes
Turn   | Place    | Note
-------+----------+-------------------------------------------
     0 | D:1      | Descartes the Deep Elf Arcane Marksman began the quest for
                  | the Orb.
     0 | D:1      | Reached XP level 1. HP: 11/11 MP: 5/5
   340 | D:1      | Reached skill level 1 in Fighting
   340 | D:1      | Reached XP level 2. HP: 16/16 MP: 6/6
   541 | D:1      | Reached skill level 1 in Stealth
   999 | D:2      | Found a stormy altar of Qazlal.
  1015 | D:2      | You fall into a shaft and drop 2 floors!
  1056 | D:4      | Noticed an ogre
  1062 | D:4      | Slain by an ogre

Illustrated notes

Levels and vault maps discovered:
D:1:      mrwooster_arrival_arrow, layout_loops_ring
D:2:      wander_river, layout_loops_corners, nicolae_qazlal_general_emergency,
          chequers_ecumenical_altar_twisty, nicolae_ru_the_path_less_chosen
D:4:      kennysheep_spiral_hall, layout_basic,
          grunt_temple_overflow_bloody_war, vehumet_altar_wand_db,
          temple_pool_b, kennysheep_donut

Skill      XL: |  1  2 |
---------------+-------+-----
Fighting       | 1 |  1.1
Bows           | 3 |  3.2
Stealth        | 1 |  1.2
Spellcasting   | 2 |  2.1
Dodging        | |  2.7
Hexes          | |  4.2

Action                   || total
-------------------------++-------
Melee: Dagger            ||     3
 Fire: Shortbow          ||    57
Armor: Robe              ||     5
Dodge: Dodged            ||    14
